cohdb
Replays
Latest Replays
All Replays
Popular Replays
Top Player Replays
Match Explorer
How It Works
Community
CoH3 Stats
Reddit
Sign in to upload your games and track your stats! →
Sign in with Steam
Match 38951149
Unlisted
Match 38951149
Overview
Messages
Build Orders
End
Selects Special Operations Battlegroup
Selects M29 Weasel Recon Vehicle
M29 Weasel Recon Vehicle
Construct Barracks
Riflemen Squad
Riflemen Squad
Riflemen Squad
Mechanized Support Center
M1918 Browning Automatic Rifles
Selects Raiding Flares
Construct Medical Station
Selects SSF Commando Squad
SSF Commando Squad
Riflemen Squad
Construct Motor Pool
M24 Chaffee Light Tank
M8 Greyhound Armored Car
Engineer Squad
M1 Anti-tank Gun Team
Grenade Package
Selects P-47 Anti-Infantry Loiter
P-47 Anti-Infantry Loiter
Riflemen Squad
Construct Tank Depot
Selects UNKNOWN (2162291)
P-47 Anti-Infantry Loiter
M4A1 Sherman Whizbang
Raiding Flares
M18 Hellcat Tank Destroyer
Selects Air Re-supply Operation
Engineer Squad
Raiding Flares
M4A1 Sherman Medium Tank
Engineer Squad
Improvised Armor
Raiding Flares
M4A1 76mm Conversion
M4A1(76) Sherman Medium Tank
只愛❤毛妹
jeongjae
0
0
Comments
sign in to comment!
No comments posted yet!